 Dungeon Crawl Stone Soup version 0.29.1-2-gbd0b4ee654 (webtiles) character file.

Game seed: 15976387432455631434

109 safid the Shooter (level 4, -3/41 HPs)
             Began as a Minotaur Hunter on Oct 25, 2022.
             Slain by Robin
             ... wielding a +0 spear
              (4 damage)
             ... on level 2 of the Dungeon.
             The game lasted 00:02:50 (1222 turns).

safid the Shooter (Minotaur Hunter)                 Turns: 1222, Time: 00:02:51

Health: -3/41      AC:  3    Str: 15    XL:     4   Next: 60%
Magic:  3/3        EV: 12    Int:  6    God:
Gold:   107        SH:  0    Dex: 16    Spells: 3/3 levels left

rFire   . . .      SeeInvis .   a - +0 shortbow
rCold   . . .      Faith    .   (shield currently unavailable)
rNeg    . . .      Spirit   .   c - +0 leather armour
rPois   .          Reflect  .   (helmet restricted)
rElec   .          Harm     .   (no cloak)
rCorr   .          Rampage  .   (no gloves)
Will    .....                   (no boots)
Stlth   +.........              (no amulet)
HPRegen 0.13/turn               (no ring)
MPRegen 0.08/turn               (no ring)

@: no status effects
A: horns 2, retaliatory headbutt
a: no special abilities


You were on level 2 of the Dungeon.
You visited 1 branch of the dungeon, and saw 2 of its levels.

You collected 107 gold pieces.

Inventory:

Hand Weapons
 a - a +0 shortbow (weapon)
Armour
 c - a +0 leather armour (worn)
Jewellery
 g - a +6 ring of intelligence
Scrolls
 b - a scroll of immolation
 e - a scroll of blinking {unknown}
 f - a scroll of acquirement {unknown}
 h - a scroll of identify {unknown}
 i - a scroll of enchant armour {unknown}
 j - a scroll of poison {unknown}
Potions
 d - a potion of curing {unknown}


   Skills:
 + Level 4.5 Fighting
 + Level 5.6 Ranged Weapons
 - Level 2.1 Dodging
 - Level 0.7 Stealth


You had 3 spell levels left.
You didn't know any spells.
Your spell library contained the following spells:

 Spells                   Type           Power      Damage    Failure   Level
 Shock                    Conj/Air       0%         1d3       52%         1
 Swiftness                Air            0%         N/A       88%         3
 Airstrike                Air            0%         2d(0-16)  99%         4


Dungeon Overview and Level Annotations

Branches:
Dungeon (2/15)

Altars:

Annotations:
D:2 Robin


Innate Abilities, Weirdness & Mutations

You have a pair of horns on your head.
You reflexively headbutt those who attack you in melee.


Message History

Robin is moderately wounded.
The goblin closely misses you.
Fire: a) +0 shortbow
Press: ? - help, Q - select action Shift-Dir - straight line, f/p - goblin
Aim: a goblin, wielding a +0 club (strong, 58% to hit)
You shoot an arrow. The arrow hits the goblin.
You kill the goblin!
Robin hits you from afar with a +0 spear.
* * * LOW HITPOINT WARNING * * *
The goblin barely misses you. Robin barely misses you.
Fire: a) +0 shortbow
Press: ? - help, Q - select action Shift-Dir - straight line, f - goblin
Aim: a goblin, wielding a +0 club (strong, 58% to hit)
You shoot an arrow. The arrow hits the goblin.
You kill the goblin!
Robin completely misses you.
Fire: a) +0 shortbow
Press: ? - help, Q - select action Shift-Dir - straight line, f - Robin
Aim: Robin, wielding a +0 spear, wearing a +0 animal skin and wearing a +0 helmet (moderately wounded, 71% to hit)
You shoot an arrow. The arrow barely misses Robin.
Robin hits you from afar with a +0 spear.
* * * LOW HITPOINT WARNING * * *
Okay, then.
Okay, then.
Fire: a) +0 shortbow
Press: ? - help, Q - select action Shift-Dir - straight line, f/p - Robin
Aim: Robin, wielding a +0 spear, wearing a +0 animal skin and wearing a +0 helmet (moderately wounded, 71% to hit)
You shoot an arrow. The arrow barely misses Robin.
Robin says, "We wiped out the hill dwarves - you're next!"
Robin barely misses you.
Robin hits you from afar with a +0 spear.
* * * LOW HITPOINT WARNING * * *
Fire: a) +0 shortbow
Press: ? - help, Q - select action Shift-Dir - straight line, f/p - Robin
Aim: Robin, wielding a +0 spear, wearing a +0 animal skin and wearing a +0 helmet (moderately wounded, 71% to hit)
You shoot an arrow.
The arrow hits Robin but does no damage.
Robin is moderately wounded.
Robin hits you from afar with a +0 spear.
You die...

.. #.# #.....#.## ). #.#
#.....#... #g #.#
#.....#... #. #.#
+.....##.. #† #.#
#.....†... #)####.#
#.....###. #)..##.#
#.....# #. ###).#g####.#
#.<...# #.
##...)@...####.....# #.
######'#######.+.....# #.
#...........##.#.....####
#.........(.##.#.........
#........)..##.#####.####
#...........##.#####.#
#....................#
##############.#######
#...


You could see Robin.

Vanquished Creatures
  6 adders (D:2)
  A dart slug (D:1)
  4 ball pythons
  2 bats (D:1)
  3 endoplasms (D:1)
  A giant cockroach (D:1)
  11 goblins
  7 hobgoblins
  3 jackals (D:1)
  A quokka (D:1)
  4 frilled lizards
  5 kobolds
  4 rats
52 creatures vanquished.

Notes
Turn   | Place    | Note
-------+----------+-------------------------------------------
     0 | D:1      | safid the Minotaur Hunter began the quest for the Orb.
     0 | D:1      | Reached XP level 1. HP: 18/18 MP: 0/0
   150 | D:1      | Reached XP level 2. HP: 25/25 MP: 1/1
   373 | D:1      | Reached skill level 5 in Ranged Weapons
   373 | D:1      | Reached XP level 3. HP: 31/31 MP: 2/2
   848 | D:2      | Reached XP level 4. HP: 40/40 MP: 3/3
  1196 | D:2      | Noticed Robin
  1220 | D:2      | HP: 2/41 [Robin/+0 spear (5)]
  1222 | D:2      | Slain by Robin

Illustrated notes

Levels and vault maps discovered:
D:1:      lemuel_arrival_funnel, layout_rooms, serial_park_tiny_1,
          hangedman_decor_push
D:2:      layout_basic, shapermc_ecumenical_altar_pompeii, uniq_robin

Skill      XL: |  1  2  3 |
---------------+----------+-----
Fighting       | 3 4 |  4.5
Ranged Weapons | 5 |  5.6
Dodging        | |  2.1
Stealth        | |  0.7

Action                   |  1- 3 |  4- 6 || total
-------------------------+-------+-------++-------
 Fire: Shortbow          |    91 |    43 ||   134
Armor: Leather armour    |     5 |    10 ||    15
Dodge: Dodged            |    20 |    16 ||    36
